 Dungeon Crawl Stone Soup version 0.26.1-11-gd32895ea62 (webtiles) character file.

Game seed: 15659206652634431297

95 raph the Digger (level 4, 0/24 HPs)
             Began as a Gargoyle Earth Elementalist on June 6, 2021.
             Was an Initiate of Sif Muna.
             Slain by an orc wizard
             ... wielding a +0 dagger
              (1 damage)
             ... on level 3 of the Dungeon.
             The game lasted 00:06:07 (3377 turns).

raph the Digger (Gargoyle Earth Elementalist)       Turns: 3377, Time: 00:06:07

Health: 0/24       AC:  5    Str: 12    XL:     4   Next: 66%
Magic:  5/7        EV: 12    Int: 22    God:    Sif Muna [......]
Gold:   187        SH:  0    Dex: 10    Spells: 1/7 levels left

rFire    . . .     SeeInvis .   d - +0 short sword
rCold    . . .     Faith    .   (no shield)
rNeg     + . .     Spirit   .   c - +0 robe
rPois    ∞         Reflect  .   (no helmet)
rElec    +         Harm     .   (no cloak)
rCorr    .         Rampage  .   (no gloves)
Will     .....                  (no boots)
Stlth    +.........             (no amulet)
HPRegen  0.08/turn              h - +6 ring of intelligence
MPRegen  0.10/turn              (no ring)

@: confused
A: negative energy resistance 1, electricity resistance, unbreathing,
petrification resistance, miasma immunity, AC +3
a: Renounce Religion


You were on level 3 of the Dungeon.
You worshipped Sif Muna.
Sif Muna was noncommittal.
You visited 1 branch of the dungeon, and saw 3 of its levels.

You collected 187 gold pieces.

Inventory:

Hand Weapons
 d - a +0 short sword (weapon)
Missiles
 b - 2 stones
Armour
 c - a +0 robe (worn)
Jewellery
 h - a +6 ring of intelligence (left hand)
 n - a +4 ring of evasion
Scrolls
 a - 3 scrolls of remove curse
 g - a scroll of enchant armour {unknown}
Potions
 e - a potion of brilliance
 f - a potion of might {unknown}
 j - a potion of ambrosia
 k - 3 potions of curing
 l - a potion of haste
 o - a potion of resistance {unknown}


   Skills:
 - Level 1.5 Dodging
 - Level 2.1 Stealth
 + Level 2.0 Spellcasting
 - Level 0.7 Transmutations
 * Level 6.3 Earth Magic
 + Level 0.0 Invocations


You had one spell level left.
You knew the following spells:

 Your Spells              Type           Power        Failure   Level
a - Sandblast             Erth           60%          1%          1
b - Passwall              Tmut/Erth      14%          4%          2
c - Stone Arrow           Conj/Erth      32%          11%         3

Your spell library contained the following spells:

 Spells                   Type           Power        Failure   Level
 Lee's Rapid Deconstruct  Erth           15%          28%         5
 Petrify                  Tmut/Erth      17%          32%         4


Dungeon Overview and Level Annotations

Branches:
Dungeon (3/15)

Altars:
Makhleb
Sif Muna
Zin

Annotations:
D:3 Ijyb


Innate Abilities, Weirdness & Mutations

You are resistant to torment.
Your stone body is resilient. (AC +3)
You are immune to poison.
You resist negative energy. (rN+)
You are resistant to electric shocks. (rElec)
You can survive without breathing.
You are immune to petrification.
You are immune to miasma.


Message History

* * * LOW HITPOINT WARNING * * *
You feel better. The orc wizard barely misses you. The orc hits you.
The iguana bites you! The orc hits you with a +0 flail!
* * * LOW HITPOINT WARNING * * *
The orc wizard misses you.
Casting: Sandblast (safe; 1% risk of failure)
Confirm with . or Enter, or press ? or * to list all spells.
Aiming: Passwall (safe; 4% risk of failure)
Press: ? - help, Dir - move target A rock wall.
The orc wizard points at you and mumbles some strange words.
You are confused.
The orc misses you.
The orc wizard points at itself and mumbles some strange words.
The orc wizard flickers and vanishes!
Deactivating autopickup; reactivate with Ctrl-A.
You begin to meditate on the wall.
You continue meditating on the rock.
The orc wizard hits you with a +0 dagger.
You die...

#o.o.........................##.
##.#...........>.............##.
*#.,#.........................##.
.o,*#..o.......).................
o,,*#.........................<#.
,,,*##......................<.##.
,,,*#..........###..#####..##....
,.......#.###################..#.
...###..#.## #.@oo).5.5.§.##....
..,**#..#..## #l{o....§§§≈5#..###
.,,#.....#.(###.......§§≈≈.####
,,,#.....##..).......≈§§...#
***#.....*##........≈≈.....#
#.....* #........≈≈.....# ######*
#.......§8..._..#
#........§§.....#
#........≈≈§....#


You could see an iguana, 2 iron imps, an orc wizard and 2 orcs.

Vanquished Creatures
  2 adders (D:2)
  2 worms (D:2)
  3 dart slugs
  A leopard gecko (D:1)
  3 orcs
  9 giant cockroaches
  7 goblins
  7 hobgoblins
  2 jackals (D:2)
  8 bats
  4 frilled lizards
  2 kobolds
  10 rats
60 creatures vanquished.

Notes
Turn   | Place    | Note
-------+----------+-------------------------------------------
     0 | D:1      | raph the Gargoyle Earth Elementalist began the quest for
                  | the Orb.
     0 | D:1      | Reached XP level 1. HP: 10/10 MP: 3/3
   247 | D:1      | You fall into a shaft and drop 1 floor!
   257 | D:2      | Reached skill level 4 in Earth Magic
   283 | D:2      | Reached XP level 2. HP: 8/15 MP: 0/5
   610 | D:2      | Reached XP level 3. HP: 19/19 MP: 1/6
   686 | D:2      | Reached skill level 5 in Earth Magic
   758 | D:2      | Found a glowing silver altar of Zin.
   802 | D:2      | Learned a level 2 spell: Passwall
  2008 | D:2      | Reached XP level 4. HP: 14/24 MP: 7/7
  2239 | D:2      | Reached skill level 6 in Earth Magic
  2957 | D:2      | Found a shimmering blue altar of Sif Muna.
  2960 | D:2      | Became a worshipper of Sif Muna the Loreminder
  3109 | D:3      | Noticed Ijyb
  3329 | D:3      | Learned a level 3 spell: Stone Arrow
  3363 | D:3      | Found a burning altar of Makhleb.
  3375 | D:3      | HP: 1/24 [orc/+0 flail (8)]
  3377 | D:3      | Slain by an orc wizard

Illustrated notes

Levels and vault maps discovered:
D:1:      dpeg_arrival_more_subterranean_lakeside_camping, layout_basic
D:2:      layout_loops_corners, lemuel_blue_sif_altar, lemuel_crystal_altar,
          minmay_increasing_density
D:3:      layout_rooms, nicolae_overflow_hidden_temple, demons_altar,
          xom_teletrap_fun, ebering_ghost_inner_flame, uniq_ijyb, uniq_sigmund,
          uniq_crazy_yiuf_cottage

Skill      XL: |  1  2  3  4 |
---------------+-------------+-----
Earth Magic    | 4 5 6 |  6.3
Dodging        | |  1.5
Stealth        | |  2.1
Spellcasting   | |  2.0
Transmutations | |  0.7

Action                   |  1- 3 |  4- 6 || total
-------------------------+-------+-------++-------
Melee: Unarmed           |    15 |       ||    15
       Short sword       |    58 |    65 ||   123
 Cast: Sandblast         |    43 |    19 ||    62
       Passwall          |       |     1 ||     1
  Use: Scroll            |       |     8 ||     8
       Potion            |       |     1 ||     1
 Stab: Sleeping          |     2 |     3 ||     5
Armor: Robe              |    64 |    26 ||    90
Dodge: Dodged            |    99 |    75 ||   174
